 Dungeon Crawl Stone Soup version 0.30-a0-913-g9934a0ce24 (webtiles) character file.

Game seed: 1878830631672492619

64301 Lobster4 the Cleaver (level 15, -17/134 HPs)
             Began as a Hill Orc Fighter on Mar 19, 2023.
             Was the Champion of Makhleb.
             Demolished by a Hell Sentinel (27 damage)
             ... on level 2 of the Abyss on Mar 20, 2023.
             The game lasted 01:21:29 (26154 turns).

Lobster4 the Cleaver (Hill Orc Fighter)            Turns: 26154, Time: 01:21:30

Health: -17/134    AC: 23    Str: 30    XL:     15   Next: 12%
Magic:  25/25      EV:  9    Int:  8    God:    Makhleb [******]
Gold:   1598       SH: 11    Dex: 10    Spells: 24/27 levels left

rFire   + . .      SeeInvis +    T - +8 eveningstar
rCold   + . .      Faith    .    O - +0 buckler {rC+}
rNeg    . . .      Spirit   .    q - +4 chain mail of Cuqyg {rPois Str+3 SInv}
rPois   +          Reflect  +    d - +2 hat
rElec   .          Rampage  .    D - +1 cloak
rCorr   +                        i - +1 pair of gloves
Will    +....                    (no boots) Stlth
                                 E - amulet of reflection
HPRegen 0.42/turn                y - ring of resist corrosion
MPRegen 0.19/turn                H - ring of protection from fire

@: mighty
A: no striking features
a: Renounce Religion, Minor Destruction, Lesser Servant of Makhleb, Major
Destruction, Greater Servant of Makhleb


You were on level 2 of the Abyss.
You worshipped Makhleb.
Makhleb was exalted by your worship.
You visited 3 branches of the dungeon, and saw 17 of its levels.
You visited the Abyss 2 times.
You also visited: Sewer, Bailey and Ice Cave.

You collected 1598 gold pieces.

Inventory:

Hand Weapons
 b - a +0 morningstar of protection
 p - a +3 spectral club
 z - a +0 sling
 F - a +2 flail of holy wrath
 R - a +0 broad axe
 T - a +8 eveningstar (weapon)
Missiles
 L - 2 silver javelins (quivered)
Armour
 d - a +2 hat (worn)
 i - a +1 pair of gloves (worn)
 o - a +0 ring mail of fire resistance
 q - the +4 chain mail of Cuqyg (worn) {rPois Str+3 SInv}
   (You found it on level 1 of the Lair of Beasts)

   Str:       It affects your strength (+3).
   rPois:     It protects you from poison.
   SInv:      It lets you see invisible.
 s - a +2 plate armour of cold resistance
 D - a +1 cloak (worn)
 O - a +0 buckler of cold resistance (worn)
Magical Staves
 a - the staff of fire "Daemoyca" {rF+ Will- Int+8}
   (You found it in an ice cave)

   [staff of fire]

   Base accuracy: +5 Base damage: 5 Base attack delay: 1.2 This weapon's minimum
   attack delay (0.6) is reached at skill level 12.
   It falls into the 'Staves' category.
   It is a one-handed weapon.
Jewellery
 c - a ring of protection from cold
 k - a ring of see invisible
 y - a ring of resist corrosion (left hand)
 E - an amulet of reflection (around neck)
 H - a ring of protection from fire (right hand)
 P - a +6 ring of strength
 V - a ring of ice
 W - a +5 ring of evasion
Wands
 J - a wand of paralysis (9)
 M - a wand of polymorph (4)
Scrolls
 g - a scroll of magic mapping
 m - a scroll of silence
 A - 2 scrolls of teleportation
 B - 4 scrolls of identify
 I - 9 scrolls of enchant weapon
 U - a scroll of blinking
Potions
 e - 2 potions of curing
 f - 3 potions of flight
 h - 8 potions of ambrosia
 j - 2 potions of mutation
 n - 2 potions of heal wounds
 r - 6 potions of brilliance
 x - 3 potions of haste
 C - 2 potions of cancellation
 G - 5 potions of resistance
 K - 2 potions of magic
 Q - a potion of invisibility
 S - a potion of might
Miscellaneous
 l - a box of beasts
 t - a lightning rod (4/4)
 u - a tin of tremorstones (2/2)


   Skills:
 + Level 12.9 Fighting
 + Level 13.5 Axes
 - Level 3.0 Throwing
 + Level 11.8 Armour
 - Level 3.0 Dodging
 + Level 12.0 Shields
 + Level 6.7 Spellcasting
 + Level 6.6 Transmutations
 + Level 12.6 Invocations
 - Level 3.0 Evocations


You had 24 spell levels left.
You knew the following spells:

 Your Spells              Type           Power      Damage    Failure   Level
a - Beastly Appendage     Tmut           26%        N/A       6%          1
b - Wereblood             Tmut           13%        N/A       10%         2

Your spell library contained the following spells:

 Spells                   Type           Power      Damage    Failure   Level
 Passwall                 Tmut/Erth      6%         N/A       36%         2
 Spider Form              Tmut/Pois      8%         N/A       58%         3
 Magic Dart               Conj           8%         1d3       67%         1
 Sandblast                Erth           4%         2d4       67%         1
 Lesser Beckoning         Tloc           4%         N/A       82%         2
 Searing Ray              Conj           4%         2d4       82%         2
 Frozen Ramparts          Ice            4%         1d1       96%         3
 Gell's Gravitas          Tloc           2%         N/A       96%         3
 Stone Arrow              Conj/Erth      4%         3d7       96%         3
 Teleport Other           Tloc           2%         N/A       96%         3
 Airstrike                Air            1%         2d(1-17)  100%        4
 Fulminant Prism          Conj/Hex       1%         3d5       100%        4
 Sticky Flame             Conj/Fire      2%         2d3       100%        4
 Summon Lightning Spire   Summ/Air       2%         N/A       100%        4
 Plasma Beam              Fire/Air       1%         2x1d12    100%        5
 Summon Forest            Summ/Tloc      1%         N/A       100%        5
 Dispersal                Tloc           1%         N/A       100%        6
 Eringya's Noxious Bog    Tmut/Pois      4%         N/A       100%        6
 Summon Hydra             Summ           1%         N/A       100%        7


Dungeon Overview and Level Annotations

Branches:
Dungeon (10/15)            Temple (0/1) D:7            Lair (5/5) D:8
 Shoals (0/4) Lair:2       Spider (0/4) Lair:3        Slime (0/5) Lair:5
    Orc (2/2) D:10          Sewer (visited)          Bailey (visited)
  IceCv (visited)
    Elf: Orc:2

Altars:
Dithmenos
Gozag
Makhleb
Nemelex Xobeh
Sif Muna
Uskayaw
Vehumet
Yredelemnul
Zin
The Shining One
Lugonu

Shops:
Orc:1 (

Portals:
Abyss: Lair:5

Annotations:
D:5 2 transporters, 1 exclusion, MrSquiggles's ghost, novice MiFi
Orc:2 Sonja


Message History

The death drake breathes miasma at you.
The foul vapour engulfs the Hell Sentinel.
The Hell Sentinel completely resists.
You block the Hell Sentinel's attack. x2
You barely miss the Hell Sentinel.
The Hell Sentinel is lightly wounded.
You are engulfed in dark miasma.
The Hell Sentinel completely misses you.
You block the Hell Sentinel's attack.
You thump the Hell Sentinel!
The Hell Sentinel is moderately wounded.
You are engulfed in dark miasma.
You block the Hell Sentinel's attack.
The Hell Sentinel hits you but does no damage.
You impale the Hell Sentinel!!
The Hell Sentinel is moderately wounded.
The death drake breathes miasma at you.
The foul vapour engulfs the Hell Sentinel.
The Hell Sentinel completely resists.
The Hell Sentinel hits you!! The Hell Sentinel closely misses you.
You sock the Hell Sentinel!
The Hell Sentinel is heavily wounded.
You are engulfed in dark miasma.
The Hell Sentinel closely misses you. The Hell Sentinel hits you.
* * * LOW HITPOINT WARNING * * *
You bludgeon the Hell Sentinel!!
The Hell Sentinel is heavily wounded.
You are engulfed in dark miasma.
* * * LOW HITPOINT WARNING * * *
The Hell Sentinel closely misses you. x2; The Hell Sentinel hits you!
* * * LOW HITPOINT WARNING * * *
The Hell Sentinel hits you.
* * * LOW HITPOINT WARNING * * *
You feel much better.
The death drake changes into a two-headed ogre!
The Hell Sentinel hits you!!
* * * LOW HITPOINT WARNING * * *
The Hell Sentinel closely misses you.
You puncture the Hell Sentinel!
The Hell Sentinel is severely wounded.
The Hell Sentinel hits you!!
You die...

.. .
## ...
####
.. #@#
. #
#1#..
# #O.
... .
...##.
. . #
# .. .
. . ##
.(
.....
. #. (
... .
#. #.
s ..#.
.# . .
. ยง


You could see a Hell Sentinel and a two-headed ogre shaped shifter.

Vanquished Creatures
  Rupert (Lair:3)
  Gastronok (Lair:1)
  5 very ugly things (Abyss:2)
  Josephine (Lair:5)
  An ice dragon (IceCv)
  2 hydras
  Harold (D:9)
  A boulder beetle (Lair:2)
  4 death yaks (Lair:5)
  2 thrashing horrors (Lair:5)
  Amaemon (Lair:1)
  A pharaoh ant (Lair:3)
  4 orc knights
  2 large abominations (Lair:5)
  2 harpies (Lair:2)
  A cyclops (D:7)
  2 ugly things
  Maurice (D:8)
  A worldbinder (Abyss:2)
  2 black mambas (Lair:4)
  A smoke demon (Lair:5)
  2 ice statues (IceCv)
  14 cane toads
  An orange demon (Lair:1)
  12 komodo dragons
  4 rime drakes (IceCv)
  A queen bee (Lair:4)
  3 ancient zymes (Lair:5)
  2 trolls
  3 meliai (Lair:4)
  2 tarantellas (Lair:3)
  A hornet (Lair:1)
  16 blink frogs
  Prince Ribbit (D:5)
  A raiju (shapeshifter) (Lair:5)
  A jumping spider (Lair:3)
  A slime creature (D:10)
  2 spriggans (Lair:5)
  5 wraiths (Lair:5)
  14 small abominations (Lair:5)
  6 wyverns
  9 basilisks
  Grum (D:9)
  52 yaks
  2 steam dragons (D:8)
  4 chaos spawn (Lair:5)
  An acid dragon (D:8)
  23 water moccasins
  Duvessa (D:5)
  26 orc warriors
  2 sky beasts (D:7)
  3 ice beasts
  A black bear (Lair:1)
  3 ogres
  29 wolves
  10 centaurs
  2 kobold brigands
  22 bullfrogs
  A gnoll sergeant (D:6)
  7 scorpions
  7 wights
  Dowan (D:5)
  6 lindwurm simulacra (IceCv)
  20 killer bees (Lair:4)
  3 howler monkeys (D:9)
  2 jellies
  7 komodo dragon simulacra (IceCv)
  8 gnoll boudas
  9 orc priests
  7 hounds
  2 iguanas
  Jessica (D:3)
  9 orc wizards
  7 hell rats
  2 river rats (Sewer)
  2 acid dragon simulacra (IceCv)
  9 adders
  27 gnolls
  12 white imps (Lair:5)
  6 steam dragon simulacra (IceCv)
  3 ufetubi
  A worm (D:3)
  A dart slug (D:2)
  71 orcs
  5 endoplasms
  A giant cockroach (D:2)
  12 goblins
  6 hobgoblins
  A jackal (Sewer)
  4 quokkas
  4 ball pythons
  10 bats
  2 frilled lizards
  22 kobolds
  12 rats
630 creatures vanquished.

Vanquished Creatures (collateral kills)
  Urug (Lair:1)
1 creature vanquished.

Vanquished Creatures (others)
  A howler monkey (D:7)
  An orc wizard (D:5)
  3 bushes (D:8)
  55 fungi
  61 plants
121 creatures vanquished.

Grand Total: 752 creatures vanquished

Notes
Turn   | Place    | Note
-------+----------+-------------------------------------------
     0 | D:1      | Lobster4 the Hill Orc Fighter began the quest for the Orb.
     0 | D:1      | Reached XP level 1. HP: 19/19 MP: 1/1
   168 | D:1      | Reached XP level 2. HP: 27/27 MP: 2/2
   178 | D:1      | Reached skill level 3 in Axes
   290 | D:1      | Learned a level 1 spell: Beastly Appendage
   483 | D:1      | Reached XP level 3. HP: 16/33 MP: 1/3
  1440 | D:2      | Reached XP level 4. HP: 22/40 MP: 4/4
  1543 | D:2      | You fall into a shaft and drop 2 floors!
  1546 | D:4      | Found a shimmering blue altar of Sif Muna.
  1812 | D:3      | Noticed Jessica
  1819 | D:3      | Killed Jessica
  1973 | D:3      | Reached skill level 4 in Axes
  1973 | D:3      | Reached XP level 5. HP: 45/47 MP: 5/5
  2040 | D:3      | Noticed a centaur
  2052 | D:3      | Killed a centaur
  2053 | D:3      | Reached skill level 1 in Throwing
  2251 | D:3      | Identified the +0 robe of the Three of Wands {rC+ Regen+}
  3214 | D:2      | Reached XP level 6. HP: 53/53 MP: 7/7
  3894 | D:4      | Reached skill level 1 in Transmutations
  3905 | D:4      | Reached skill level 1 in Spellcasting
  4435 | D:5      | Entered Level 5 of the Dungeon
  4500 | D:5      | Reached XP level 7. HP: 48/60 MP: 6/8
  4549 | D:5      | Reached skill level 5 in Fighting
  4571 | D:5      | Noticed Prince Ribbit
  4597 | D:5      | Reached skill level 5 in Axes
  4610 | D:5      | HP: 4/91 [Prince Ribbit (5)]
  4612 | D:5      | Killed Prince Ribbit
  4613 | D:5      | Reached skill level 5 in Armour
  4693 | D:5      | Found a burning altar of Makhleb.
  4698 | D:5      | Became a worshipper of Makhleb the Destroyer
  4848 | D:5      | Reached XP level 8. HP: 64/69 MP: 8/10
  4849 | D:5      | Found a glowing drain.
  4858 | Sewer    | Entered a sewer
  4867 | Sewer    | Reached skill level 5 in Shields
  4953 | Sewer    | Reached skill level 1 in Invocations
  5003 | Sewer    | Found a glowing silver altar of Zin.
  5238 | D:5      | Noticed Dowan
  5240 | D:5      | Noticed Duvessa
  5383 | D:5      | Found a transporter.
  5383 | D:5      | Noticed MrSquiggles's ghost (novice MiFi)
  5400 | D:5      | Found a transporter.
  5448 | D:5      | Found a glowing silver altar of Zin.
  5593 | D:5      | Killed Duvessa
  5609 | D:5      | Killed Dowan
  5717 | D:5      | Reached skill level 1 in Evocations
  5978 | D:6      | Reached skill level 6 in Axes
  6005 | D:6      | Found a hide-covered altar of Uskayaw.
  6044 | D:6      | Reached XP level 9. HP: 58/75 MP: 9/12
  6562 | D:6      | Reached * piety under Makhleb
  6798 | D:6      | Found a shadowy altar of Dithmenos.
  6802 | D:6      | Found a glowing golden altar of the Shining One.
  7788 | D:7      | Found a staircase to the Ecumenical Temple.
  8093 | D:7      | Reached ** piety under Makhleb
  8098 | D:7      | Reached skill level 7 in Axes
  8346 | D:7      | Found an opulent altar of Gozag.
  8352 | D:7      | Found a radiant altar of Vehumet.
  8383 | D:7      | Noticed a red ugly thing
  8402 | D:7      | Killed a red ugly thing
  8403 | D:7      | Reached XP level 10. HP: 64/86 MP: 10/14
  8407 | D:7      | Reached skill level 5 in Invocations
  8569 | D:7      | Noticed a cyclops
  8591 | D:7      | Killed a cyclops
  8832 | D:8      | Reached skill level 8 in Axes
  9021 | D:8      | HP: 1/88 [wyvern (14)]
  9608 | D:8      | Noticed Maurice
  9642 | D:8      | Killed Maurice
  9771 | D:8      | Reached skill level 9 in Axes
  9771 | D:8      | Reached XP level 11. HP: 6/95 MP: 2/16
 10111 | D:8      | Found a staircase to the Lair.
 10401 | D:8      | Reached *** piety under Makhleb
 10550 | D:9      | Noticed Harold
 10895 | D:9      | Killed Harold
 11041 | D:9      | Noticed Grum
 11074 | D:9      | Killed Grum
 11588 | D:9      | Found a basalt altar of Yredelemnul.
 12136 | D:10     | Entered Level 10 of the Dungeon
 12276 | D:10     | Noticed an eight-headed hydra
 12305 | D:10     | Reached **** piety under Makhleb
 12324 | D:10     | Found a flagged portal.
 12343 | Bailey   | Entered a bailey
 13161 | Bailey   | Noticed an orc knight
 13273 | Bailey   | Killed an orc knight
 13330 | Bailey   | Noticed an orc knight
 13365 | Bailey   | Killed an orc knight
 13366 | Bailey   | Reached skill level 10 in Axes
 13529 | D:10     | Reached XP level 12. HP: 74/106 MP: 18/18
 13635 | D:10     | Found a staircase to the Orcish Mines.
 13652 | D:10     | Found a sparkling altar of Nemelex Xobeh.
 13681 | D:10     | Killed an eight-headed hydra
 13908 | D:10     | Noticed a tengu warrior
 14007 | Orc:1    | Entered Level 1 of the Orcish Mines
 14102 | Orc:1    | Reached skill level 10 in Fighting
 14175 | Orc:1    | Found Neats's Weapon Shop.
 14290 | Orc:2    | Entered Level 2 of the Orcish Mines
 14349 | Orc:2    | Noticed Sonja
 14516 | Orc:2    | Reached ***** piety under Makhleb
 15270 | Abyss:2  | Cast into level 2 of the Abyss (Sonja)
 15278 | Orc:2    | Escaped the Abyss
 15662 | Lair:1   | Entered Level 1 of the Lair of Beasts
 16053 | Lair:1   | Identified the +4 chain mail of Cuqyg {rPois Str+3 SInv}
 16131 | Lair:1   | Noticed Urug
 16149 | Lair:1   | Killed Urug
 16518 | Lair:1   | Noticed Gastronok
 16573 | Lair:1   | Killed Gastronok
 16635 | Lair:1   | Paralysed by a hornet for 2 turns
 16798 | Lair:1   | Noticed Amaemon
 16860 | Lair:1   | Killed Amaemon
 16890 | Lair:1   | Reached skill level 11 in Axes
 17055 | Lair:1   | Reached skill level 5 in Transmutations
 17278 | Lair:1   | Reached skill level 5 in Spellcasting
 17648 | Lair:1   | Reached skill level 10 in Invocations
 17966 | Lair:2   | Reached skill level 10 in Shields
 18028 | Lair:2   | Reached skill level 10 in Armour
 18090 | Lair:2   | Reached XP level 13. HP: 115/115 MP: 20/20
 18716 | Lair:2   | Got Bezityur's Compilation of the Red Iceberg
 18720 | Lair:2   | Learned a level 2 spell: Wereblood
 19055 | Lair:2   | Found a staircase to the Shoals.
 19860 | Lair:3   | Reached skill level 12 in Axes
 19929 | Lair:3   | Found a hole to the Spider Nest.
 19987 | Lair:3   | Noticed Rupert
 20012 | Lair:3   | Killed Rupert
 21556 | Lair:4   | Reached XP level 14. HP: 56/125 MP: 22/22
 21869 | Lair:4   | Reached ****** piety under Makhleb
 22244 | Lair:4   | Reached skill level 1 in Dodging
 22359 | Lair:5   | Entered Level 5 of the Lair of Beasts
 22466 | Lair:5   | Found a frozen archway.
 22493 | IceCv    | Entered an ice cave
 22683 | IceCv    | Identified the staff of fire "Daemoyca" {rF+ Will- Int+8}
 23069 | IceCv    | Identified the amulet "Izoyst" {Faith rF- Str+3 Int+4}
 23409 | Lair:5   | Noticed Josephine
 23432 | Lair:5   | Killed Josephine
 23900 | Lair:5   | Reached skill level 13 in Axes
 24195 | Lair:5   | Found a staircase to the Slime Pits.
 25702 | Lair:5   | Found a corrupted altar of Lugonu.
 25702 | Lair:5   | Found a one-way gate to the infinite horrors of the Abyss.
 26055 | Abyss:2  | Cast into level 2 of the Abyss (Sonja)
 26105 | Abyss:2  | Noticed a purple very ugly thing
 26107 | Abyss:2  | Noticed a purple very ugly thing
 26107 | Abyss:2  | Noticed a purple very ugly thing
 26109 | Abyss:2  | Noticed a purple very ugly thing
 26109 | Abyss:2  | Noticed a purple very ugly thing
 26118 | Abyss:2  | Killed a purple very ugly thing
 26119 | Abyss:2  | Reached XP level 15. HP: 88/134 MP: 24/24
 26138 | Abyss:2  | Noticed a Hell Sentinel
 26154 | Abyss:2  | Demolished by a Hell Sentinel

Illustrated notes

Levels and vault maps discovered:
D:1:      dpeg_arrival_boxes_within_box, layout_loops_ring
D:2:      kb_forest_paths, layout_basic, kennysheep_nondescript
D:3:      layout_basic, minivault_11, minmay_misc_feat_diagonals, st_stairs_2,
          uniq_jessica
D:4:      layout_cave_pods, mainiacjoe_overflow_paths
D:5:      layout_basic, zin_treasury, lightli_temple_of_fire,
          gammafunk_ghost_arena, portal_sewer_entry_d, grunt_ministairs_3,
          hangedman_abyss_or_decor_stabs, uniq_duvessa, uniq_prince_ribbit1
D:6:      layout_layer_cave, nicolae_overflow_hidden_temple,
          nicolae_uskayaw_dance_hall
D:7:      cheibrodos_barr_body, layout_gridville, mainiacjoe_overflow_big_doors,
          minmay_temple_entry_antechambers, minivault_27
D:8:      layout_rooms, minmay_lair_entry_grove, uniq_maurice
D:9:      layout_basic, mainiacjoe_overflow_chevrons, uniq_harold, uniq_grum
D:10:     layout_roguey, orc_0_dummy, serial_corexii_hall,
          corexii_hall_statues_i, chequers_hall_statues_y, enter_bailey_5,
          hangedman_feature_mirror
Lair:1:   layout_cave_pods, st_stairs_6, uniq_urug, uniq_amaemon, uniq_gastronok
Lair:2:   layout_regular_city, nicolae_shoals_entry_roost, beast_lair_carwin_7,
          infiniplex_staircase_pool_2
Lair:3:   layout_regular_city, nicolae_spider_entry_lesser_pyramids,
          beast_lair_carwin_6, uniq_rupert
Lair:4:   layout_small_grid, special_room [special_room_bee], grunt_megastairs_2
Lair:5:   hellmonk_lair_end_abyssal_woods, layout_regular_city,
          dpeg_slime_entry_corner, portal_ice_cave_entry_imps,
          serial_bayou_shore_a, lemuel_fruit_tree, grunt_megastairs_4,
          uniq_josephine
Orc:1:    layout_caves, basic_altar, serial_shops,
          nicolae_shop_bloodbath_and_beyond
Orc:2:    st_orc_rangers, layout_caves, lightli_orcish_oven, uniq_sonja
Abyss:2:  base: D:1, base: D:4, serial_sigils_hangedman_quiver,
          guppyfry_abyss_exit_imp_island, lemuel_flamethrower_3

Skill      XL: |  1  2  3  4  5  6  7  8  9 10 11 12 13 14 15 |
---------------+----------------------------------------------+-----
Axes           | 3 4 5 6 7 9 10 11 12 13 | 13.5
Fighting       | 4 5 6 7 8 9 10 11 12 | 12.9
Armour         | 4 5 6 7 8 10 11 | 11.8
Shields        | 4 5 6 8 9 10 11 12 | 12.0
Throwing       | 1 2 3 |  3.0
Transmutations | 1 2 3 4 5 6 |  6.6
Spellcasting   | 1 2 3 4 5 6 |  6.7
Invocations    | 2 4 7 8 10 11 12 | 12.6
Evocations     | 1 3 |  3.0
Dodging        | 3 |  3.0

Action                     |  1- 3 |  4- 6 |  7- 9 | 10-12 | 13-15 || total
---------------------------+-------+-------+-------+-------+-------++-------
  Melee: War axe           |   105 |    36 |   163 |   505 |       ||   809
         Club              |       |   110 |   205 |   119 |       ||   434
         Hand axe          |       |       |       |   154 |       ||   154
         Morningstar       |       |       |       |   169 |       ||   169
         Unarmed           |       |       |       |    14 |       ||    14
         Eveningstar       |       |       |       |    36 |   884 ||   920
         Broad axe         |       |       |       |       |    53 ||    53
         Kick              |       |       |       |       |     3 ||     3
  Throw: Dart              |       |    14 |    26 |   123 |    16 ||   179
         Boomerang         |       |       |    31 |    43 |    41 ||   115
         Throwing net      |       |       |     2 |     3 |       ||     5
         Javelin           |       |       |       |       |    13 ||    13
   Cast: Beastly Appendage |       |       |       |       |     3 ||     3
 Invoke: Minor Destruction |       |       |       |     2 |    16 ||    18
         Lesser Servant of |       |       |       |     1 |       ||     1
         Major Destruction |       |       |       |       |     2 ||     2
  Evoke: Wand              |       |       |     7 |    41 |     2 ||    50
    Use: Potion            |     1 |       |     5 |     7 |    12 ||    25
         Scroll            |       |     3 |    12 |     9 |     9 ||    33
   Stab: Distracted        |       |     1 |       |     2 |       ||     3
         Paralysed         |       |       |    29 |    25 |     3 ||    57
         Invisible         |       |       |     1 |    12 |     2 ||    15
 Armour: Scale mail        |    56 |     4 |       |       |       ||    60
         Ring mail         |       |    78 |   139 |    83 |       ||   300
         Skin              |       |       |    31 |     5 |    35 ||    71
         Chain mail        |       |       |       |   300 |   525 ||   825
         Plate armour      |       |       |       |   165 |    51 ||   216
  Dodge: Dodged            |    35 |    73 |   155 |   440 |   352 ||  1055
  Block: Buckler           |    34 |    30 |    97 |   475 |   616 ||  1252
         Reflection        |       |       |       |    28 |     9 ||    37

Table legend: (Time is in decaauts)
 A = Elapsed time spent in this place.
 B = Non-inter-level travel time spent in this place.
 C = Inter-level travel time spent in this place.
 D = Time resting spent in this place.
 E = Time spent auto-exploring this place.
 F = Levels seen in this place.
 G = Mean time per level.
                   A        B        C        D        E       F      G
               +--------+--------+--------+--------+--------+-----+--------+
         Total |  26588 |  25538 |   1050 |   4944 |  13879 |  22 | 1208.5 |
       Dungeon |  13168 |  12412 |    756 |   1623 |   7934 |  10 | 1316.8 |
          Lair |   9589 |   9310 |    279 |   1735 |   4990 |   5 | 1917.8 |
  Orcish Mines |   1556 |   1542 |     14 |    921 |    250 |   2 |  778.0 |
         Abyss |    120 |    120 |      0 |     45 |      0 |   2 |   60.0 |
         Sewer |    211 |    211 |      0 |     19 |    110 |   1 |  211.0 |
        Bailey |   1164 |   1164 |      0 |    458 |    272 |   1 | 1164.0 |
      Ice Cave |    778 |    778 |      0 |    143 |    321 |   1 |  778.0 |
               +--------+--------+--------+--------+--------+-----+--------+

Top non-repeatable levels by time:
  Lair:5: 2719 daAuts
     D:8: 2322 daAuts
  Lair:1: 2157 daAuts
  Lair:4: 1709 daAuts
  Lair:2: 1662 daAuts
     D:6: 1582 daAuts
     D:7: 1350 daAuts
  Lair:3: 1341 daAuts
     D:2: 1291 daAuts
   Orc:1: 1274 daAuts
     D:9: 1274 daAuts
     D:5: 1214 daAuts
     D:4: 1179 daAuts
  Bailey: 1164 daAuts
     D:1: 1105 daAuts
